 Dungeon Crawl Stone Soup version 0.31-a0-237-g2d982f9f85 (webtiles) character file.

Game seed: 7491675256232008335

814 qw the Shooter (level 7, -5/43 HPs)
             Began as a Gargoyle Hexslinger on July 10, 2023.
             Slain by a wight
             ... wielding a +3 morningstar of freezing
              (8 damage)
             ... on level 5 of the Dungeon.
             The game lasted 00:02:00 (4734 turns).

qw the Shooter (Gargoyle Hexslinger)                Turns: 4734, Time: 00:02:01

Health: -5/43      AC: 19    Str: 12    XL:     7   Next: 93%
Magic:  8/8        EV: 15    Int: 16    God:
Gold:   356        SH:  0    Dex: 12    Spells: 7/8 levels left

rFire   + + .        Y - +3 sling
rCold   . . .        (no shield)
rNeg    + . .        m - +4 ring mail
rPois   inf          t - +2 helmet
rElec   +            (no cloak)
rCorr   .            (no gloves)
SInv    +            s - +1 pair of boots
Will    .....        (no amulet)
Stlth   +            e - ring of see invisible
HPRegen 0.27/turn    o - ring "Ocineij" {rF+ EV+5 Int+3 Dex-2}
MPRegen 0.11/turn

%: no passive effects
@: flying
A: sickness immunity, AC +4, negative energy resistance 1, electricity
resistance, torment resistance 1, petrification resistance, big wings, claws 1,
fire resistance 1
a: no special abilities


You were on level 5 of the Dungeon.
You visited 1 branch of the dungeon, and saw 6 of its levels.

You collected 356 gold pieces.


Innate Abilities, Weirdness & Mutations

You are immune to sickness and miasma.
Your stone body is resilient. (AC +4)
You are immune to poison.
You resist negative energy. (rN+)
You are resistant to electric shocks. (rElec)
You are resistant to unholy torment.
You are immune to petrification.
Your large and strong wings let you fly.
You have sharp fingernails.
Your flesh is heat resistant. (rF+)


   Skills:
 - Level 4.1 Fighting
 + Level 7.6 Ranged Weapons
 - Level 2.2 Armour
 - Level 1.5 Dodging
 - Level 1.0 Spellcasting
 - Level 2.6 Hexes


You had 7 spell levels left.
You knew the following spells:

 Your Spells              Type           Power      Damage    Failure   Level
a - Slow                  Hex            36%        N/A       17%         1

Your spell library contained the following spells:

 Spells                   Type           Power      Damage    Failure   Level
 Inner Flame              Hex/Fire       5%         N/A       65%         3
 Portal Projectile        Hex/Tloc       10%        N/A       65%         3
 Cause Fear               Hex            4%         N/A       86%         4

Inventory:

Hand Weapons
 Y - a +3 sling (weapon)
Armour
 m - a +4 ring mail (worn)
 s - a +1 pair of boots (worn)
 t - a +2 helmet (worn)
Jewellery
 e - a ring of see invisible (left claw)
 n - a ring of protection from fire
 o - the ring "Ocineij" (right claw) {rF+ EV+5 Int+3 Dex-2}
   (You found it on level 4 of the Dungeon)

   [ring of evasion]

   EV:        It affects your evasion (+5).
   Int:       It affects your intelligence (+3).
   Dex:       It affects your dexterity (-2).
   rF:        It protects you from fire.
Scrolls
 j - a scroll of identify
Potions
 a - a potion of might
 b - 2 potions of enlightenment
 c - 3 potions of curing
 f - a potion of mutation
 g - a potion of berserk rage {unknown}
 h - 2 potions of resistance
 i - a potion of brilliance {unknown}
 q - a potion of invisibility {unknown}

Dungeon Overview and Level Annotations

Branches:
Dungeon (6/15)
 Temple: D:4-7

Altars:
Gozag
Kikubaaqudgha
Makhleb

Annotations:
D:4 3 runed translucent doors, qw's ghost, amateur MiHs
D:5 1 runed translucent door, Crazy Yiuf


Message History

The wight hits you with a +3 morningstar of freezing!
The wight freezes you. The wight hits you but does no damage.
The wight barely misses you.
4728 ||| STAIRDANCE The wight closely misses you.
The jelly barely misses you. The wight barely misses you.
The wight closely misses you. The wight barely misses you.
You fly upwards.
Level annotation: 1 runed translucent door, Crazy Yiuf
There is a stone staircase leading down here.
Enter note:
Enter note:
Enter note:
Enter note:
Enter note:
Enter note:
Enter note:
Enter note:
Enter note: You shoot a sling bullet.
The sling bullet hits the wight but does no damage.
The wight misses you.
The wight hits you but does no damage. x2
You shoot a sling bullet.
The sling bullet closely misses the wight.
The wight hits you but does no damage. The wight closely misses you. x2
You shoot a sling bullet.
The sling bullet hits the wight but does no damage.
The wight hits you with a +5 long sword of freezing!
The wight freezes you. The wight completely misses you.
The wight hits you but does no damage.
You shoot a sling bullet.
The sling bullet closely misses the wight.
The wight closely misses you. The wight misses you.
The wight completely misses you.
You shoot a sling bullet.
The sling bullet barely misses the wight.
The wight hits you with a +5 long sword of freezing!
The wight freezes you. The wight barely misses you.
The wight hits you with a +3 morningstar of freezing!
You die...

###...........#....#####.#####
##...#########.#.#######....#
###..### #...# ##.......# .....#
#...###..##....## .....#
##......###.....## .....#
#....#.<......... .....#
###..#.###....... .....#
##zz....# #...#### .....#
#@z##...# ##.###.# .....#
#######z###.#.# #.#}._#
.....#####......J###.#.## #.'...8
......#....###.......#..# #.#}._#
#####......###.......##.###.###.#
####.##...........##.#...# ###
####....######.......##...### #
..........# #.......###.## #
..........# #....[.<##..# #


You could see a jelly and 4 wights.

Vanquished Creatures
  Sigmund (D:5)
  2 phantoms
  A howler monkey (D:4)
  5 hounds
  An orc priest (D:5)
  A sleepcap (D:4)
  2 iguanas
  An orc wizard (D:5)
  8 adders
  A gnoll (D:1)
  An ufetubus (D:5)
  2 worms
  4 dart slugs
  7 orcs
  8 ball pythons
  4 bats
  5 endoplasms
  2 giant cockroaches
  5 goblins
  6 hobgoblins
  13 jackals
  A kobold (D:2)
  3 quokkas
  5 frilled lizards
  4 rats
93 creatures vanquished.

Notes
Turn   | Place    | Note
-------+----------+-------------------------------------------
     0 | D:1      | qw the Gargoyle Hexslinger began the quest for the Orb.
     0 | D:1      | Reached XP level 1. HP: 12/12 MP: 2/2
     0 | D:1      | 0 ||| qw: Version: 0.3-a-52-g30416fa
     0 | D:1      | 0 ||| qw: Game counter: 5158
     0 | D:1      | 0 ||| qw: Melee chars always use a shield: true
     0 | D:1      | 0 ||| qw: God list: Okawaru
     0 | D:1      | 0 ||| qw: Allow faded altars: false
     0 | D:1      | 0 ||| qw: Do Orc after clearing Dungeon:15 true
     0 | D:1      | 0 ||| qw: Do second Lair branch before Depths: true
     0 | D:1      | 0 ||| qw: Lair rune preference: random
     0 | D:1      | 0 ||| qw: Goals: Normal
     0 | D:1      | 0 ||| PLANNING D:1-11
    67 | D:1      | 67 ||| DROPPING scroll of poison.
   180 | D:1      | Reached XP level 2. HP: 16/16 MP: 3/3
   189 | D:1      | Reached skill level 3 in Ranged Weapons
   284 | D:1      | Found a faded altar of an unknown god.
   326 | D:1      | Reached XP level 3. HP: 21/21 MP: 4/4
   557 | D:1      | You fall into a shaft and drop 1 floor!
   587 | D:2      | 587 ||| READING scroll labelled IWOFANL PEWACOMUI.
   588 | D:2      | 588 ||| READING scroll labelled IGHOKHL DOYF.
   589 | D:2      | 589 ||| READING scroll labelled OHIONU AFAMPU.
   612 | D:2      | 612 ||| FLEEEEING.
   613 | D:2      | 613 ||| FLEEEEING.
   614 | D:2      | 614 ||| FLEEEEING.
   615 | D:2      | 615 ||| FLEEEEING.
   616 | D:2      | 616 ||| FLEEEEING.
   617 | D:2      | 617 ||| FLEEEEING.
   618 | D:2      | 618 ||| FLEEEEING.
   619 | D:2      | 619 ||| STAIRDANCE
   997 | D:1      | 997 ||| UPGRADING to ring of see invisible.
   998 | D:1      | 998 ||| READING scroll labelled URHAEG ETYDU.
   999 | D:1      | 999 ||| DRINKING 3 golden potions.
  1348 | D:2      | Found an ancient bone altar of Kikubaaqudgha.
  1448 | D:2      | Reached XP level 4. HP: 26/26 MP: 5/5
  1711 | D:2      | 1711 ||| UPGRADING to +0 leather armour.
  1721 | D:2      | 1721 ||| DROPPING +0 robe.
  1722 | D:2      | 1722 ||| READING scroll labelled VOZUOTAESI.
  1723 | D:2      | 1723 ||| DRINKING 2 bubbling puce potions.
  1724 | D:2      | 1724 ||| DRINKING 3 fizzy orange potions.
  1725 | D:2      | 1725 ||| DROPPING potion of degeneration.
  1798 | D:3      | Reached skill level 4 in Ranged Weapons
  2677 | D:3      | 2677 ||| READING scroll labelled ZACVIS TABAKA.
  2678 | D:3      | 2678 ||| READING scroll labelled LEIVEPLUAH.
  2679 | D:3      | 2679 ||| READING 4 scrolls labelled JOGUVE XUKLUTWI.
  2680 | D:3      | 2680 ||| DRINKING 2 black potions.
  2680 | D:3      | Gained mutation: Your flesh is heat resistant. (rF+)
                  | [potion of mutation]
  2680 | D:3      | Gained mutation: You have sharp fingernails. [potion of
                  | mutation]
  2680 | D:3      | Gained mutation: Your large and strong wings let you fly.
                  | [potion of mutation]
  2681 | D:3      | 2681 ||| DRINKING 2 fuming cyan potions.
  2727 | D:3      | 2727 ||| DROPPING potion of lignification.
  2790 | D:4      | Reached XP level 5. HP: 27/30 MP: 6/6
  2835 | D:4      | Noticed a wyvern
  2836 | D:4      | Noticed qw's ghost (amateur MiHs)
  2837 | D:4      | Found a runed translucent gate.
  2842 | D:4      | Found a runed translucent gate.
  2842 | D:4      | Found a runed translucent gate.
  2856 | D:4      | Identified the +10 short sword of Fatigue {venom, rPois rN+
                  | Str+2 Stlth+}
  2865 | D:4      | Reached skill level 5 in Ranged Weapons
  3037 | D:4      | HP: 4/30 [iguana (8)]
  3234 | D:4      | Identified the ring "Ocineij" {rF+ EV+5 Int+3 Dex-2}
  3267 | D:4      | Reached skill level 3 in Fighting
  3267 | D:4      | Reached XP level 6. HP: 31/37 MP: 7/7
  3502 | D:4      | 3502 ||| UPGRADING to +0 ring mail.
  3512 | D:4      | 3512 ||| DROPPING +0 leather armour.
  3513 | D:4      | 3513 ||| UPGRADING to +4 ring mail.
  3523 | D:4      | 3523 ||| DROPPING +0 ring mail.
  3524 | D:4      | 3524 ||| DROPPING scarf of invisibility.
  3525 | D:4      | 3525 ||| UPGRADING to ring "Ocineij" {rF+ EV+5 Int+3
                  | Dex-2}.
  3526 | D:4      | 3526 ||| READING scroll labelled SAOKLUNUNE.
  3550 | D:4      | 3550 ||| READING 3 scrolls of identify.
  3550 | D:4      | 3550 ||| IDENTIFYING brown potion
  3551 | D:4      | 3551 ||| READING 2 scrolls of identify.
  3551 | D:4      | 3551 ||| IDENTIFYING grey potion
  3559 | D:5      | Entered Level 5 of the Dungeon
  3559 | D:5      | Noticed Sigmund
  3569 | D:5      | 3569 ||| STAIRDANCE
  3599 | D:4      | HP: 8/37 [adder (2)]
  3720 | D:5      | 3720 ||| STAIRDANCE
  3759 | D:5      | 3759 ||| STAIRDANCE
  3797 | D:5      | 3797 ||| STAIRDANCE
  3817 | D:5      | 3817 ||| STAIRDANCE
  3856 | D:5      | Killed Sigmund
  3857 | D:5      | Reached skill level 6 in Ranged Weapons
  3857 | D:5      | Reached XP level 7. HP: 41/41 MP: 8/8
  3992 | D:5      | 3992 ||| READING scroll of enchant weapon.
  3992 | D:5      | 3992 ||| ENCHANTING +2 sling.
  4164 | D:5      | Reached skill level 7 in Ranged Weapons
  4206 | D:5      | 4206 ||| Stepping ~*~*~tactically~*~*~ (outnumbered).
  4221 | D:5      | HP: 9/43 [jackal (3)]
  4354 | D:5      | 4354 ||| FLEEEEING.
  4355 | D:5      | 4355 ||| FLEEEEING.
  4356 | D:5      | 4356 ||| FLEEEEING.
  4357 | D:5      | 4357 ||| FLEEEEING.
  4359 | D:5      | 4359 ||| STAIRDANCE
  4461 | D:4      | 4461 ||| UPGRADING to +0 pair of boots.
  4466 | D:4      | 4466 ||| UPGRADING to +0 helmet.
  4471 | D:4      | 4471 ||| READING 3 scrolls of enchant armour.
  4471 | D:4      | 4471 ||| ENCHANTING +0 helmet.
  4472 | D:4      | 4472 ||| READING 2 scrolls of enchant armour.
  4472 | D:4      | 4472 ||| ENCHANTING +1 helmet.
  4473 | D:4      | 4473 ||| READING scroll of enchant armour.
  4473 | D:4      | 4473 ||| ENCHANTING +0 pair of boots.
  4474 | D:4      | 4474 ||| DROPPING amulet of magic regeneration.
  4475 | D:4      | 4475 ||| READING scroll labelled FORREN ZECVI.
  4476 | D:4      | 4476 ||| READING scroll labelled XUNIEP LUMEJUGIU.
  4480 | D:4      | 4480 ||| READING scroll labelled LIUMEUR ENO.
  4488 | D:5      | 4488 ||| DRINKING 4 potions of curing.
  4488 | D:5      | 4488 ||| (to cure confusion)
  4535 | D:5      | Found a burning altar of Makhleb.
  4536 | D:5      | Found an ancient bone altar of Kikubaaqudgha.
  4562 | D:5      | Found an opulent altar of Gozag.
  4688 | D:5      | Found a runed translucent door.
  4689 | D:5      | Noticed Crazy Yiuf
  4728 | D:6      | 4728 ||| STAIRDANCE
  4734 | D:5      | HP: 5/43 [wight/+5 long sword of freezing (10)]
  4734 | D:5      | Slain by a wight

Levels and vault maps discovered:
D:1:      ncdulo_watergridlock, layout_basic,
          hellmonk_ecumenical_altar_heavens_door, minmay_misc_feat_pillars,
          hangedman_glass_teeth, nicolae_grassy_gnolls
D:2:      layout_basic, basic_altar
D:3:      layout_basic, serial_rivers, chequers_serial_rivers_room_b,
          chequers_serial_rivers_small_b, chequers_serial_rivers_marsh,
          chequers_serial_rivers_room_a, chequers_serial_rivers_room_b,
          chequers_serial_rivers_small_3
D:4:      wad_pebble_path, layout_basic, gammafunk_ghost_split
D:5:      layout_rooms, mainiacjoe_overflow_cross_hatched,
          gammafunk_temple_overflow_statue, minmay_circle_x,
          uniq_crazy_yiuf_cottage, uniq_sigmund
D:6:      layout_rooms, nicolae_hepliaklqana_hippocampus,
          mainiacjoe_overflow_chevrons, mainiacjoe_overflow_surrounded_room,
          minmay_manual_moon

Skill      XL: |  1  2  3  4  5  6  7 |
---------------+----------------------+-----
Ranged Weapons | 3 4 5 6 7 |  7.6
Fighting       | 2 3 4 |  4.1
Armour         | 2 |  2.2
Dodging        | |  1.5
Spellcasting   | |  1.0
Hexes          | |  2.6

Action                     |  1- 3 |  4- 6 |  7- 9 || total
---------------------------+-------+-------+-------++-------
   Fire: Sling             |   109 |   222 |   113 ||   444
    Use: Scroll            |     4 |     7 |     7 ||    18
         Potion            |     1 |     4 |     1 ||     6
 Armour: Robe              |    17 |     3 |       ||    20
         Leather armour    |       |    32 |       ||    32
         Ring mail         |       |    50 |    62 ||   112
  Dodge: Dodged            |    29 |   179 |   103 ||   311

Table legend:
 A = Non-vault XP
 B = Vault XP
 C = Vault XP percentage of total XP
 D = Non-vault monster count
 E = Vault monster count
 F = Vault count percentage of total count
                 A         B        C        D         E       F
            +---------+---------+-------+---------+---------+-------
      Total |     839 |     325 |  27.9 |      86 |       7 |   7.5
            +---------+---------+-------+---------+---------+-------
        D:1 |      32 |      14 |  30.4 |      20 |       1 |   4.8
        D:2 |      39 |       0 |   0.0 |      18 |       0 |   0.0
        D:3 |      57 |       0 |   0.0 |      15 |       0 |   0.0
        D:4 |     345 |       0 |   0.0 |      20 |       0 |   0.0
        D:5 |     366 |     311 |  45.9 |      13 |       6 |  31.6
            +---------+---------+-------+---------+---------+-------
